 Dungeon Crawl Stone Soup version 0.32-a0-886-g41c5271027 (webtiles) character file.

Game seed: 10054125658936992241

417 Biggs the Shooter (level 6, 0/44 HPs)
             Began as a Coglin Hunter on Apr 2, 2024.
             Succumbed to a killer bee's poison
             ... on level 4 of the Dungeon.
             The game lasted 00:03:32 (2419 turns).

Biggs the Shooter (Coglin Hunter)                   Turns: 2419, Time: 00:03:33

Health: 0/44       AC:  4    Str: 12    XL:     6   Next: 93%
Magic:  6/6        EV: 11    Int:  8    God:
Gold:   201        SH:  0    Dex: 19    Spells: 5/5 levels left

rFire   . . .        a - +2 sling {Ruka}
rCold   . . .        d - +0 sling {Enrique}
rNeg    . . .        c - +0 leather armour
rPois   .            (no helmet)
rElec   .            (no cloak)
rCorr   .            s - +0 pair of gloves
SInv    .            (no boots)
Will    .....        (amulet unavailable)
Stlth   ++           (ring unavailable)
HPRegen 0.27/turn    (ring unavailable)
MPRegen 0.10/turn    (no gizmo)

%: no passive effects
@: brilliant, lethally poisoned (0 -> -8), attractive, hasted, revving, very
quick
A: off-hand wielding, slow wielding, warmup strikes, no jewellery
a: Invent Gizmo


You were on level 4 of the Dungeon.
You visited 1 branch of the dungeon, and saw 4 of its levels.

You collected 201 gold pieces.

Inventory:

Hand Weapons
 a - a +2 sling (weapon) {Ruka}
 d - a +0 sling (offhand) {Enrique}
Armour
 c - a +0 leather armour (worn)
 s - a +0 pair of gloves (worn)
Wands
 l - a wand of iceblast (10)
Scrolls
 e - a scroll of fear {unknown}
 f - 2 scrolls of enchant weapon {unknown}
 g - a scroll of blinking {unknown}
 h - a scroll of revelation {unknown}
 j - 3 scrolls of identify {unknown}
 m - a scroll of teleportation {unknown}
 o - a scroll of noise {unknown}
 p - 2 scrolls of fog {unknown}
 r - a scroll of poison {unknown}
Potions
 i - 2 potions of haste
 k - a potion of brilliance
 n - a potion of attraction
 q - a potion of heal wounds {unknown}
 t - a potion of curing {unknown}


   Skills:
 - Level 2.0 Fighting
 + Level 7.3 Ranged Weapons
 - Level 1.7 Dodging
 - Level 0.7 Stealth


You had 5 spell levels left.
You didn't know any spells.
Your spell library contained the following spells:

 Spells                   Type           Power      Damage    Failure   Level
 Kiss of Death            Conj/Necr      0%         2d5       50%         1
 Confusing Touch          Hex            0%         N/A       86%         3
 Volatile Blastmotes      Fire/Tloc      0%         2d10      86%         3
 Dispel Undead            Necr           0%         3d6       99%         4
 Fulminant Prism          Conj/Alch      0%         3d5       99%         4
 Iskenderun's Mystic Bla Conj/Tloc 0%             2d3        (+2d1     99%         4


Dungeon Overview and Level Annotations

Branches:
Dungeon (4/15)
 Temple: D:4-7

Altars:
Yredelemnul

Annotations:
D:2 1 runed translucent door, Crazy Yiuf


Innate Abilities, Weirdness & Mutations

You can wield a second weapon in your off-hand.
It takes a long time for you to wield or remove held weapons.
Your first few attacks do less damage.
You cannot equip rings or amulets.


Message History

* * * LOW HITPOINT WARNING * * *
You feel sick. Something misses your butterfly.
The killer bee misses your butterfly.
Unknown command.
Unknown command.
You feel sick.
Unknown command.
You feel sick. The killer bee misses your butterfly.
The adder closely misses your butterfly.
You feel sick.
The killer bee attacks as it pursues you!
The killer bee barely misses you.
The killer bee closely misses your butterfly.
The killer bee misses your butterfly. The killer bee closely misses you.
The killer bee misses you.
The adder closely misses your butterfly.
Unknown command.
It was a potion of haste.
You feel yourself speed up.
You feel sick. The killer bee stings your butterfly.
Your butterfly dies!
Your butterfly disappears in a burst of colours!
The killer bee barely misses you.
The killer bee stings you but does no damage.
The killer bee barely misses you. The killer bee stings you.
* * * LOW HITPOINT WARNING * * *
You are lethally poisoned!
The killer bee poisons you! The adder misses your butterfly.
It was a potion of brilliance.
You feel clever all of a sudden.
* * * LOW HITPOINT WARNING * * *
You feel sick. The killer bee misses your butterfly. The killer bee misses you.
The killer bee barely misses you.
The adder completely misses your butterfly.
The killer bee closely misses you. The killer bee stings your butterfly.
Your butterfly dies!
Your butterfly disappears in a burst of colours!
The killer bee misses you.
It was a potion of attraction.
You feel attractive to monsters.
You die...

..............#.......
....#.###.#....#....#.#
...............#.......
..##.....##.......##.. .#
#...b.......#.#.#.....
...#.#.#...#.#.#...#.#.#.
.......#.#.#...........#.
...b##b......##.....##...
.
.....b.@#...............
.#.###.#b.yy#....#.###
#....
......b...bb#........
.....
##...bb##b......##...
##...
.....†.by#b#.#...... ..
#. #...#b#b#...#.#.#..
.#.#. ..#.#.#.bb.b..b...#
.....
#....bbS##...b.##...
.##..
....#...............
.....


You could see 3 killer bees and an adder (ally target).

Vanquished Creatures
  Sigmund (D:2)
  A phantom (D:4)
  Jessica (D:3)
  A sleepcap (D:3)
  Natasha (twice) (D:2)
  An adder (D:2)
  4 dart slugs
  2 ribbon worms
  5 orcs
  5 bats
  4 endoplasms
  4 giant cockroaches
  4 hobgoblins
  7 kobolds
  2 quokkas
  3 ball pythons
  2 frilled lizards (D:1)
  4 goblins
  4 rats
57 creatures vanquished.

Notes
Turn   | Place    | Note
-------+----------+-------------------------------------------
     0 | D:1      | Biggs the Coglin Hunter began the quest for the Orb.
     0 | D:1      | Reached XP level 1. HP: 16/16 MP: 1/1
   177 | D:1      | Reached skill level 4 in Ranged Weapons
   177 | D:1      | Reached XP level 2. HP: 22/22 MP: 2/2
   669 | D:1      | Reached XP level 3. HP: 27/27 MP: 3/3
  1000 | D:2      | Found a runed translucent door.
  1001 | D:2      | Noticed Crazy Yiuf
  1133 | D:2      | Noticed Sigmund
  1136 | D:2      | Noticed Natasha
  1145 | D:2      | Killed Natasha
  1146 | D:2      | Reached skill level 5 in Ranged Weapons
  1146 | D:2      | Reached XP level 4. HP: 9/33 MP: 4/4
  1146 | D:2      | Killed Sigmund
  1147 | D:2      | Reached skill level 6 in Ranged Weapons
  1147 | D:2      | Reached XP level 5. HP: 11/38 MP: 5/5
  1147 | D:2      | Reached XP level 6. HP: 13/44 MP: 6/6
  1309 | D:2      | Noticed Natasha
  1318 | D:2      | Killed Natasha
  1476 | D:3      | Noticed Jessica
  1478 | D:3      | Killed Jessica
  1738 | D:3      | Found a faded altar of an unknown god.
  1920 | D:3      | Found a basalt altar of Yredelemnul.
  2007 | D:3      | Reached skill level 7 in Ranged Weapons
  2418 | D:4      | HP: 1/44 [poisoned by a killer bee]
  2419 | D:4      | Succumbed to a killer bee's poison

Illustrated notes

Levels and vault maps discovered:
D:1:      minmay_arrival_arboretum_small, layout_basic, minmay_pentomino_p4
D:2:      layout_rooms, grunt_ministairs_7, uniq_natasha,
          uniq_crazy_yiuf_cottage, uniq_sigmund
D:3:      layout_loops_ring, lemuel_round_altar,
          ebering_ecumenical_altar_sacrificial, uniq_jessica
D:4:      nicolae_cairo_tiling_large_dashed, layout_cave_pods,
          mainiacjoe_overflow_six_doors_small, kennysheep_potato

Skill      XL: |  1  2  3  4  5  6 |
---------------+-------------------+-----
Ranged Weapons | 4 5 6 7 |  7.3
Fighting       | |  2.0
Dodging        | |  1.7
Stealth        | |  0.7

Action                     |  1- 3 |  4- 6 || total
---------------------------+-------+-------++-------
   Fire: Sling             |   126 |   170 ||   296
    Use: Potion            |       |     3 ||     3
         Scroll            |       |     1 ||     1
 Armour: Leather armour    |    13 |    20 ||    33
  Dodge: Dodged            |    11 |    29 ||    40

Table legend: (Time is in decaauts)
 A = Elapsed time spent in this place.
 B = Non-inter-level travel time spent in this place.
 C = Inter-level travel time spent in this place.
 D = Time resting spent in this place.
 E = Time spent auto-exploring this place.
 F = Levels seen in this place.
 G = Mean time per level.
                   A        B        C        D        E       F      G
               +--------+--------+--------+--------+--------+-----+--------+
         Total |   2445 |   2335 |    110 |      0 |   2016 |   4 |  611.2 |
       Dungeon |   2445 |   2335 |    110 |      0 |   2016 |   4 |  611.2 |
               +--------+--------+--------+--------+--------+-----+--------+

Top non-repeatable levels by time:
     D:1: 839 daAuts
     D:3: 664 daAuts
     D:2: 638 daAuts
     D:4: 303 daAuts
